 Dungeon Crawl Stone Soup version 0.30.0-15-g856e2d3f33 (webtiles) character file.

Game seed: 13151701470669278370

331 qw the Chopper (level 6, -1/38 HPs)
             Began as a Gargoyle Fighter on May 21, 2023.
             Slain by a gnoll
             ... wielding a +0 halberd
              (9 damage)
             ... on level 4 of the Dungeon.
             The game lasted 00:01:29 (3255 turns).

qw the Chopper (Gargoyle Fighter)                   Turns: 3255, Time: 00:01:29

Health: -1/38      AC: 12    Str: 22    XL:     6   Next: 51%
Magic:  6/6        EV:  9    Int:  8    God:
Gold:   116        SH:  4    Dex:  9    Spells: 5/5 levels left

rFire   . . .        Y - +1 war axe
rCold   + . .        c - +0 buckler
rNeg    + . .        b - +0 scale mail
rPois   inf          g - +0 helmet
rElec   +            (no cloak)
rCorr   .            (no gloves)
SInv    .            (no boots)
Will    .....        (no amulet) Stlth
                     h - ring of protection from cold
HPRegen 0.26/turn    (no ring)
MPRegen 0.10/turn

%: no passive effects
@: about to teleport
A: sickness immunity, AC +4, negative energy resistance 1, electricity
resistance, torment resistance 1, petrification resistance
a: no special abilities


You were on level 4 of the Dungeon.
You visited 1 branch of the dungeon, and saw 4 of its levels.

You collected 188 gold pieces.
You spent 72 gold pieces at shops.


Innate Abilities, Weirdness & Mutations

You are immune to sickness and miasma.
Your stone body is resilient. (AC +4)
You are immune to poison.
You resist negative energy. (rN+)
You are resistant to electric shocks. (rElec)
You are resistant to unholy torment.
You are immune to petrification.


   Skills:
 - Level 4.0 Fighting
 + Level 5.4 Axes
 - Level 3.2 Armour
 - Level 1.4 Dodging
 - Level 3.2 Shields


You had 5 spell levels left.
You didn't know any spells.
Your spell library was empty.

Inventory:

Hand Weapons
 l - a +0 morningstar
 Y - a +1 war axe (weapon)
Missiles
 f - 2 boomerangs (quivered)
Armour
 b - a +0 scale mail (worn)
 c - a +0 buckler (worn)
 g - a +0 helmet (worn)
Jewellery
 e - a ring of fire
 h - a ring of protection from cold (left hand)
Scrolls
 a - 2 scrolls of teleportation
 k - a scroll of identify
Potions
 d - 3 potions of might
 i - 2 potions of heal wounds
 j - a potion of curing

Dungeon Overview and Level Annotations

Branches:
Dungeon (4/15)
 Temple: D:4-7

Altars:
Nemelex Xobeh

Shops:
D:2 *


Message History

A gnoll is nearby!
You throw a boomerang. The boomerang hits the gnoll.
The gnoll is heavily wounded.
You closely miss the gnoll. The gnoll barely misses you.
The gnoll hits you from afar with a +0 halberd.
The gnoll misses you.
You barely miss the gnoll. The gnoll barely misses you.
You block the gnoll's attack.
You closely miss the gnoll. The gnoll hits you but does no damage.
You slash the gnoll!
The gnoll is severely wounded.
The gnoll completely misses you. You block the gnoll's attack.
The gnoll hits you from afar with a +0 halberd.
You slash the gnoll!
You kill the gnoll!
You hit the gnoll. The gnoll barely misses you. You block the gnoll's attack.
The gnoll barely misses you.
You hit the gnoll but do no damage.
The gnoll is almost dead.
The gnoll hits you with a +0 whip.
The gnoll hits you from afar with a +0 spear.
The gnoll closely misses you. You block the gnoll's attack. x2
You slash the gnoll!
You kill the gnoll!
The gnoll barely misses you. The gnoll hits you but does no damage.
The gnoll barely misses you. The gnoll hits you with a +0 halberd!
You hit the gnoll but do no damage. You hit the gnoll.
You block the gnoll's attack. The gnoll hits you with a +0 spear.
You barely miss the gnoll.
The gnoll is lightly wounded.
You slash the gnoll! The gnoll closely misses you.
The gnoll hits you with a +0 spear.
3255 ||| READING 3 scrolls of teleportation.
As you read the scroll of teleportation, it crumbles to dust.
You feel strangely unstable. The gnoll hits you but does no damage.
The gnoll hits you with a +0 halberd!
You die...

##.......#.#.# .#.#
#..........#.......
.#.#.##.#.#####...###
#.........# ...#
##.####.### ...#
#.#######...####
#.#.............
#......).g......
###..)..@g......
#######...#### ...#
...# ...# ...# ...#
#.##


You could see 2 gnolls.

Vanquished Creatures
  3 jellies (D:2)
  A hound (D:4)
  2 iguanas
  An orc wizard (D:4)
  2 gnolls (D:4)
  3 adders
  2 worms (D:2)
  2 orcs (D:4)
  3 ball pythons
  6 bats
  15 endoplasms
  4 giant cockroaches
  7 goblins
  8 hobgoblins
  3 jackals (D:3)
  A quokka (D:1)
  3 frilled lizards
  15 kobolds
  4 rats
85 creatures vanquished.

Notes
Turn   | Place    | Note
-------+----------+-------------------------------------------
     0 | D:1      | qw the Gargoyle Fighter began the quest for the Orb.
     0 | D:1      | Reached XP level 1. HP: 14/14 MP: 1/1
     0 | D:1      | 0 ||| qw: Version: 0.2-a-98-g270134b
     0 | D:1      | 0 ||| qw: Game counter: 11
     0 | D:1      | 0 ||| qw: Always use a shield: true
     0 | D:1      | 0 ||| qw: God list: Okawaru
     0 | D:1      | 0 ||| qw: Allow faded altars: false
     0 | D:1      | 0 ||| qw: Do Orc after D:15 true
     0 | D:1      | 0 ||| qw: Do second Lair branch before Depths: true
     0 | D:1      | 0 ||| qw: Lair rune preference: random
     0 | D:1      | 0 ||| qw: Plans: Normal, Zot:1-4, God:TSO, Crypt, Tomb,
                  | Pan, Slime:5, Hells, Abyss, Win
     0 | D:1      | 0 ||| PLANNING D:1-11
    15 | D:1      | 15 ||| DROPPING +0 club.
    39 | D:1      | Reached skill level 2 in Axes
   140 | D:1      | Reached XP level 2. HP: 19/19 MP: 2/2
   498 | D:1      | Reached skill level 3 in Axes
   631 | D:1      | Reached XP level 3. HP: 23/23 MP: 3/3
   671 | D:1      | 671 ||| UPGRADING to ring of protection from cold.
   672 | D:1      | 672 ||| READING scroll labelled QAURCH PAWAE.
   673 | D:1      | 673 ||| READING scroll labelled JEHAROL DOIPRE.
   701 | D:2      | 701 ||| Stepping ~*~*~tactically~*~*~ (hiding).
   703 | D:2      | 703 ||| Stepping ~*~*~tactically~*~*~ (hiding).
   704 | D:2      | 704 ||| Stepping ~*~*~tactically~*~*~ (stealth).
   916 | D:2      | 916 ||| Stepping ~*~*~tactically~*~*~ (hiding).
   995 | D:2      | Reached XP level 4. HP: 24/28 MP: 4/4
   998 | D:2      | HP: 6/28 [acid (5)]
  1000 | D:2      | Reached skill level 4 in Axes
  1110 | D:2      | Reached XP level 5. HP: 26/32 MP: 5/5
  1212 | D:2      | 1212 ||| Stepping ~*~*~tactically~*~*~ (stealth).
  1236 | D:2      | Identified the +7 sling of the Median {speed, rN+ MP-9
                  | Dex+2}
  1503 | D:2      | Reached skill level 5 in Axes
  1770 | D:2      | Found Ryute's Assorted Antiques.
  1778 | D:2      | 1778 ||| BUYING scroll labelled NUUWUI GEUSENE (24 gold).
  1778 | D:2      | Bought a scroll labelled NUUWUI GEUSENE for 24 gold pieces
  1778 | D:2      | 1778 ||| BUYING scroll labelled PIFUYDWYUFU (24 gold).
  1778 | D:2      | Bought a scroll labelled PIFUYDWYUFU for 24 gold pieces
  1778 | D:2      | 1778 ||| BUYING scroll labelled UNNOMO USAO (24 gold).
  1778 | D:2      | Bought a scroll labelled UNNOMO USAO for 24 gold pieces
  1778 | D:2      | 1778 ||| SHOPLISTING shiny plate armour (624 gold, have
                  | 35).
  1895 | D:2      | Found a faded altar of an unknown god.
  1939 | D:2      | 1939 ||| UPGRADING to +0 helmet.
  1944 | D:2      | 1944 ||| READING scroll labelled QAISYRH ADUA.
  1947 | D:2      | 1947 ||| READING scroll labelled LUCAHU BESER.
  1948 | D:2      | 1948 ||| READING scroll labelled LUELUQ ZESSE.
  1949 | D:2      | 1949 ||| READING scroll labelled NUUWUI GEUSENE.
  1950 | D:2      | 1950 ||| READING scroll labelled PIFUYDWYUFU.
  1951 | D:2      | 1951 ||| READING scroll labelled UNNOMO USAO.
  1952 | D:2      | 1952 ||| DRINKING 2 ruby potions.
  2269 | D:3      | 2269 ||| Stepping ~*~*~tactically~*~*~ (stealth).
  2375 | D:3      | Found a sparkling altar of Nemelex Xobeh.
  2467 | D:3      | 2467 ||| Stepping ~*~*~tactically~*~*~ (stealth).
  2506 | D:3      | Reached XP level 6. HP: 38/38 MP: 6/6
  2514 | D:3      | 2514 ||| DROPPING +0 whip.
  2860 | D:3      | 2860 ||| READING scroll labelled QEITAUFFYSCH.
  2861 | D:3      | 2861 ||| READING scroll labelled URULOU GANOM.
  2862 | D:3      | 2862 ||| DRINKING 3 sedimented emerald potions.
  2863 | D:3      | 2863 ||| READING 2 scrolls of identify.
  2863 | D:3      | 2863 ||| IDENTIFYING bubbling clear potion
  2864 | D:3      | 2864 ||| DROPPING potion of flight.
  2922 | D:4      | Reached skill level 1 in Dodging
  2944 | D:4      | 2944 ||| Stepping ~*~*~tactically~*~*~ (hiding).
  2946 | D:4      | 2946 ||| Stepping ~*~*~tactically~*~*~ (hiding).
  3127 | D:4      | 3127 ||| DROPPING +0 flail.
  3240 | D:4      | 3240 ||| Stepping ~*~*~tactically~*~*~ (hiding).
  3241 | D:4      | 3241 ||| Stepping ~*~*~tactically~*~*~ (hiding).
  3254 | D:4      | HP: 8/38 [gnoll/+0 spear (3)]
  3255 | D:4      | 3255 ||| READING 3 scrolls of teleportation.
  3255 | D:4      | Slain by a gnoll

Levels and vault maps discovered:
D:1:      scummos_arrival_simple_crosswalls, layout_basic, amethyst_killhole,
          dreamdust_wishing_well
D:2:      cheibrodos_fertilizer, layout_basic, serial_shops, shop,
          chequers_ecumenical_altar_grove
D:3:      layout_basic, nemelex_spade_bored_becter, due_unseen_surprise
D:4:      layout_loops_cross, minmay_temple_entry_antechambers

Skill      XL: |  1  2  3  4  5  6 |
---------------+-------------------+-----
Axes           | 2 3 4 5 |  5.4
Fighting       | 4 |  4.0
Dodging        | 1 |  1.4
Armour         | |  3.2
Shields        | |  3.2

Action                     |  1- 3 |  4- 6 || total
---------------------------+-------+-------++-------
  Melee: War axe           |    94 |   142 ||   236
  Throw: Boomerang         |       |     5 ||     5
    Use: Scroll            |     2 |    10 ||    12
         Potion            |       |     2 ||     2
 Armour: Scale mail        |    40 |    51 ||    91
  Dodge: Dodged            |    40 |    56 ||    96
  Block: Buckler           |    13 |    27 ||    40

Table legend:
 A = Non-vault XP
 B = Vault XP
 C = Vault XP percentage of total XP
 D = Non-vault monster count
 E = Vault monster count
 F = Vault count percentage of total count
                 A         B        C        D         E       F
            +---------+---------+-------+---------+---------+-------
      Total |     323 |     150 |  31.7 |      68 |      17 |  20.0
            +---------+---------+-------+---------+---------+-------
        D:1 |      34 |       0 |   0.0 |      22 |       0 |   0.0
        D:2 |      50 |     150 |  75.0 |      19 |      17 |  47.2
        D:3 |      92 |       0 |   0.0 |      19 |       0 |   0.0
        D:4 |     147 |       0 |   0.0 |       8 |       0 |   0.0
            +---------+---------+-------+---------+---------+-------
